 Dungeon Crawl Stone Soup version 0.28.0-1-gb440e238dd (webtiles) character file.

Game seed: 2443557354810179710

464 Wentir the Firebug (level 7, -3/36 HPs)
             Began as a Gargoyle Fire Elementalist on Feb 22, 2022.
             Shot with an arrow by a centaur (7 damage)
             ... on level 4 of the Dungeon.
             The game lasted 00:16:28 (4217 turns).

Wentir the Firebug (Gargoyle Fire Elementalist)     Turns: 4217, Time: 00:16:29

Health: -3/36      AC:  6    Str: 12    XL:     7   Next: 7%
Magic:  16/19      EV: 11    Int: 17    God:
Gold:   162        SH:  0    Dex: 10    Spells: 7/10 levels left

rFire   + . .      SeeInvis .   p - +1 dagger (freeze)
rCold   x . .      Faith    .   (no shield)
rNeg    + . .      Spirit   .   a - +0 robe
rPois   ∞          Reflect  .   (no helmet)
rElec   +          Harm     .   (no cloak)
rCorr   .          Rampage  .   (no gloves)
Will    .....                   (no boots)
Stlth   ++........              (no amulet)
HPRegen 0.12/turn               j - ring of magical power
MPRegen 0.16/turn               i - ring of fire

@: no status effects
A: sickness immunity, AC +4, negative energy resistance 1, electricity
resistance, torment resistance 1, petrification resistance
a: no special abilities


You were on level 4 of the Dungeon.
You visited 2 branches of the dungeon, and saw 5 of its levels.

You collected 162 gold pieces.

Inventory:

Hand Weapons
 c - a +0 club
 p - a +1 dagger of freezing (weapon)
Missiles
 d - 8 boomerangs
 g - a throwing net
 l - 4 javelins
Armour
 a - a +0 robe (worn)
Jewellery
 i - a ring of fire (right hand)
 j - a ring of magical power (left hand)
Wands
 m - a wand of polymorph (6)
Scrolls
 e - 5 scrolls of teleportation {unknown}
 f - 2 scrolls of identify {unknown}
 n - a scroll of enchant weapon {unknown}
 o - a scroll of magic mapping {unknown}
 q - a scroll of fog {unknown}
Potions
 b - a potion of lignification {unknown}
 h - a potion of berserk rage
 k - a potion of might {unknown}
 r - 2 potions of heal wounds {unknown}


   Skills:
 - Level 1.5 Dodging
 - Level 2.1 Stealth
 - Level 2.0 Spellcasting
 - Level 1.1 Conjurations
 + Level 7.8 Fire Magic


You had 7 spell levels left.
You knew the following spells:

 Your Spells              Type           Power      Damage    Failure   Level
a - Foxfire               Conj/Fire      100%       2x1d9     3%          1
b - Scorch                Fire           84%        2d9       1%          2

Your spell library contained the following spells:

 Spells                   Type           Power      Damage    Failure   Level
 Conjure Flame            Conj/Fire      25%        6-21      10%         3
 Inner Flame              Hex/Fire       22%        N/A       12%         3
 Flame Wave               Conj/Fire      25%        2d7       30%         4


Dungeon Overview and Level Annotations

Branches:
Dungeon (4/15)             Temple (1/1) D:4

Altars:
Dithmenos
Elyvilon
Fedhas
Kikubaaqudgha
Qazlal
Ru
Sif Muna
Uskayaw
Wu Jian
Xom
Yredelemnul
Zin
The Shining One

Annotations:
D:4 Dowan, Duvessa, Eustachio


Innate Abilities, Weirdness & Mutations

You are immune to sickness and miasma.
Your stone body is resilient. (AC +4)
You are immune to poison.
You resist negative energy. (rN+)
You are resistant to electric shocks. (rElec)
You are resistant to unholy torment.
You are immune to petrification.


Message History

You hit the jackal but do no damage.
The jackal is heavily wounded.
The jackal bites you but does no damage.
You hit the jackal. You freeze the jackal.
The jackal is almost dead.
The jackal barely misses you.
You hit the jackal. You freeze the jackal.
You kill the jackal!
You see here a jackal corpse.
The centaur barely misses you.
The centaur kicks you but does no damage.
Dowan, Brother of Duvessa comes into view.
He is wielding a +0 dagger.
Dowan shouts!
You hear a shout! x2
The centaur wields a +0 shortbow.
The centaur shoots an arrow.
The arrow hits you!
Casting: Foxfire (safe; 3% risk of failure)
Confirm with . or Enter, or press ? or * to list all spells.
You feel a surge of power!
Flames lash the centaur.
The centaur is severely wounded.
The centaur's fire resistance burns away.
You hear a shout!
The centaur shoots an arrow.
The arrow barely misses you.
The centaur shoots an arrow.
The arrow closely misses you.
Casting: Scorch (safe; 1% risk of failure)
Confirm with . or Enter, or press ? or * to list all spells.
You feel a surge of power!
Flames lash Dowan.
Dowan is severely wounded.
Dowan's fire resistance burns away.
You hear a shout!
The centaur shoots an arrow.
The arrow hits you!
Unknown command.
The centaur shoots an arrow.
The arrow hits you!
A hobgoblin comes into view.
The centaur shoots an arrow.
The arrow barely misses you.
You see here a jackal corpse.
The centaur is no longer more vulnerable to fire.
The centaur shoots an arrow.
The arrow hits you!
* * * LOW HITPOINT WARNING * * *
The centaur shoots an arrow.
The arrow hits you!
You die...

#..# #..# ## #..#
#...##..### #...†...#
#...#####.# .... #.#
#. ## #.# #. #@# #.
#†# #. #.# #. #c# #.
#.# #. #.# ####. #e#
#....
.###e############.###
#...g..........e..g...


You could see Duvessa, Dowan (combustible) and a centaur.

Vanquished Creatures
  A scorpion (D:4)
  A water moccasin skeleton (D:4)
  A jelly (D:4)
  An orc priest (D:4)
  Terence (D:3)
  An iguana (D:4)
  2 orc wizards (D:4)
  Robin (D:3)
  6 gnolls
  2 adders
  A white imp (D:4)
  A dart slug (D:2)
  3 orcs
  4 endoplasms
  7 giant cockroaches
  15 goblins
  13 hobgoblins
  6 jackals
  A quokka (D:3)
  5 ball pythons
  5 bats (D:1)
  5 frilled lizards
  7 kobolds
  6 rats
96 creatures vanquished.

Vanquished Creatures (others)
  152 foxfires
152 creatures vanquished.

Grand Total: 248 creatures vanquished

Notes
Turn   | Place    | Note
-------+----------+-------------------------------------------
     0 | D:1      | Wentir the Gargoyle Fire Elementalist began the quest for
                  | the Orb.
     0 | D:1      | Reached XP level 1. HP: 10/10 MP: 3/3
   283 | D:1      | Reached XP level 2. HP: 14/15 MP: 5/5
   303 | D:1      | Learned a level 2 spell: Scorch
  1138 | D:2      | Reached skill level 4 in Fire Magic
  1364 | D:2      | Found a faded altar of an unknown god.
  1384 | D:2      | Reached XP level 3. HP: 19/19 MP: 1/6
  1690 | D:2      | Reached XP level 4. HP: 8/24 MP: 0/7
  2096 | D:2      | Reached skill level 5 in Fire Magic
  2699 | D:3      | Reached XP level 5. HP: 27/28 MP: 8/8
  2768 | D:3      | Noticed Robin
  2800 | D:3      | Killed Robin
  2969 | D:3      | Found a glowing golden altar of the Shining One.
  3179 | D:3      | Reached skill level 6 in Fire Magic
  3266 | D:3      | Noticed Terence
  3276 | D:3      | Killed Terence
  3654 | D:4      | Reached XP level 6. HP: 28/32 MP: 9/9
  3880 | D:4      | Noticed Duvessa
  3881 | D:4      | Reached skill level 7 in Fire Magic
  3966 | D:4      | Reached XP level 7. HP: 32/36 MP: 3/10
  4020 | D:4      | Noticed Eustachio
  4069 | D:4      | Found a staircase to the Ecumenical Temple.
  4078 | Temple   | Entered the Ecumenical Temple
  4209 | D:4      | Noticed Dowan
  4217 | D:4      | Shot with an arrow by a centaur

Illustrated notes

Levels and vault maps discovered:
D:1:      nzn_arrival_crosshair, layout_loops_ring, hangedman_decor_riveting
D:2:      layout_basic, hellmonk_ecumenical_altar_leap_of_faith,
          corexii_corridor_pit, minmay_octomino_e4
D:3:      layout_rooms, lemuel_doored_altar, uniq_terence, uniq_robin
D:4:      layout_loops_ring, lemuel_crystal_altar, minmay_temple_entry_poolview,
          minmay_manual_macuahuitl, uniq_edmund, uniq_eustachio, uniq_natasha,
          uniq_duvessa
Temple:   nicolae_temple_no_exploring_needed

Skill      XL: |  1  2  3  4  5  6 |
---------------+-------------------+-----
Fire Magic     | 4 5 6 7 |  7.8
Dodging        | |  1.5
Stealth        | |  2.1
Spellcasting   | |  2.0
Conjurations   | |  1.1

Action                   |  1- 3 |  4- 6 |  7- 9 || total
-------------------------+-------+-------+-------++-------
Melee: Club              |    51 |    19 |       ||    70
       Unarmed           |     3 |       |       ||     3
       Dagger            |       |     6 |    10 ||    16
 Cast: Foxfire           |    27 |    56 |     6 ||    89
       Scorch            |     8 |    36 |     2 ||    46
  Use: Potion            |     1 |       |       ||     1
 Stab: Sleeping          |     1 |     1 |       ||     2
Armor: Robe              |    39 |    19 |     7 ||    65
Dodge: Dodged            |    54 |    31 |    13 ||    98
